 Dungeon Crawl Stone Soup version 0.31.0-9-g3a7656b989 (webtiles) character file.

Game seed: 2694159234290039554

651 EnegeticOcto the Shooter (level 7, -2/33 HPs)
             Began as a Spriggan Hunter on Jan 31, 2024.
             Slain by a black bear (6 damage)
             ... on level 5 of the Dungeon.
             The game lasted 00:07:10 (1331 turns).

EnegeticOcto the Shooter (Spriggan Hunter)          Turns: 1331, Time: 00:07:11

Health: -2/33      AC:  3    Str:  7    XL:     7   Next: 28%
Magic:  8/8        EV: 20    Int: 11    God:
Gold:   23         SH:  0    Dex: 20    Spells: 6/6 levels left

rFire   . . .        a - +0 shortbow
rCold   . . .        (shield currently unavailable)
rNeg    . . .        c - +1 robe
rPois   .            (helmet restricted)
rElec   .            (no cloak)
rCorr   .            (gloves unavailable)
SInv    +            (boots unavailable)
Will    +....        (no amulet)
Stlth   +++          (no ring)
HPRegen 0.25/turn    (no ring)
MPRegen 0.11/turn

%: no passive effects
@: very quick
A: very small, no large weapons, unfitting armour, see invisible, speed 3
a: no special abilities


You were on level 5 of the Dungeon.
You visited 1 branch of the dungeon, and saw 5 of its levels.

You collected 145 gold pieces.
You spent 122 gold pieces at shops.

Inventory:

Hand Weapons
 a - a +0 shortbow (weapon)
Armour
 c - a +1 robe (worn)
Jewellery
 m - a ring of wizardry
   (You found it on level 3 of the Dungeon)
Scrolls
 b - a scroll of butterflies {!r}
 h - a scroll of amnesia
 i - a scroll of silence {!r}
 j - a scroll of torment
 k - a scroll of teleportation {@r3 !r}
 l - a scroll of vulnerability
 p - a scroll of fear {!r}
Potions
 d - 3 potions of attraction {unknown}
 e - a potion of might {unknown}
 f - 4 potions of lignification {unknown}
 g - a potion of degeneration {unknown}
 n - a potion of heal wounds {unknown}
 o - a potion of brilliance {unknown}
 q - a potion of cancellation {unknown}


   Skills:
 - Level 1.5 Fighting
 + Level 7.5 Ranged Weapons
 + Level 5.3 Dodging
 - Level 5.0 Stealth


You had 6 spell levels left.
You didn't know any spells.
Your spell library contained the following spells:

 Spells                   Type           Power      Damage    Failure   Level
 Lesser Beckoning         Tloc           0%         N/A       47%         2
 Dazzling Flash           Conj/Hex       0%         N/A       71%         3
 Gell's Gravitas          Tloc           0%         N/A       71%         3
 Mephitic Cloud           Conj/Alch/Air  0%         N/A       71%         3
 Teleport Other           Tloc           0%         N/A       71%         3
 Curse of Agony           Necr           0%         N/A       100%        5
 Silence                  Hex/Air        0%         N/A       100%        5
 Chain Lightning          Conj/Air       0%         N/A       100%        9
 Fire Storm               Conj/Fire      0%         5d1       100%        9
 Shatter                  Erth           0%         3d5*      100%        9


Dungeon Overview and Level Annotations

Branches:
Dungeon (5/15) Zot: 26784
 Temple: D:4-7

Altars:
Kikubaaqudgha
Nemelex Xobeh
Trog

Shops:
D:2 *


Innate Abilities, Weirdness & Mutations

You are very small and have problems with some larger weapons.
You are too small for most types of armour.
You have supernaturally acute eyesight. (SInv)
You cover ground extremely quickly. (Speed+++)


Message History

You shoot an arrow.
The arrow hits the sleepcap but does no damage.
The sleepcap is moderately damaged.
Fire: a) +0 shortbow
Press: ? - help, Q - select action Shift-Dir - straight line, f/p - sleepcap
Aim: a sleepcap (moderately damaged, 98% to hit)
You shoot an arrow. The arrow hits the sleepcap.
The sleepcap is heavily damaged.
Fire: a) +0 shortbow
Press: ? - help, Q - select action Shift-Dir - straight line, f/p - sleepcap
Aim: a sleepcap (heavily damaged, 98% to hit)
You shoot an arrow. The arrow hits the sleepcap.
The sleepcap is severely damaged.
Fire: a) +0 shortbow
Press: ? - help, Q - select action Shift-Dir - straight line, f/p - sleepcap
Aim: a sleepcap (severely damaged, 98% to hit)
You shoot an arrow. The arrow hits the sleepcap.
The sleepcap is almost destroyed.
Fire: a) +0 shortbow
Press: ? - help, Q - select action Shift-Dir - straight line, f/p - sleepcap
Aim: a sleepcap (almost destroyed, 98% to hit)
You shoot an arrow. The arrow hits the sleepcap.
You destroy the sleepcap!
Fire: a) +0 shortbow
Press: ? - help, Q - select action Shift-Dir - straight line, f - ogre
Aim: an ogre, wielding a +0 giant spiked club (wandering, hasn't noticed you, 78% to hit)
You shoot an arrow. The ogre shouts!
The arrow hits the ogre!
The ogre is moderately wounded.
Fire: a) +0 shortbow
Press: ? - help, Q - select action Shift-Dir - straight line, f/p - ogre
Aim: an ogre, wielding a +0 giant spiked club (moderately wounded, 78% to hit)
You shoot an arrow. The arrow hits the ogre.
The ogre is moderately wounded.
Fire: a) +0 shortbow
Press: ? - help, Q - select action Shift-Dir - straight line, f/p - ogre
Aim: an ogre, wielding a +0 giant spiked club (moderately wounded, 78% to hit)
You shoot an arrow. The arrow hits the ogre!
The ogre is heavily wounded.
The ogre attacks as it pursues you! The ogre misses you.
Fire: a) +0 shortbow
Press: ? - help, Q - select action Shift-Dir - straight line, f/p - ogre
Aim: an ogre, wielding a +0 giant spiked club (heavily wounded, 78% to hit)
You shoot an arrow. The arrow hits the ogre!
The ogre is almost dead.
Fire: a) +0 shortbow
Press: ? - help, Q - select action Shift-Dir - straight line, f/p - ogre
Aim: an ogre, wielding a +0 giant spiked club (almost dead, 78% to hit)
You shoot an arrow. The arrow hits the ogre.
You kill the ogre!
Your Dodging skill increases to level 5!
An adder comes into view.
The adder hisses angrily.
You shoot an arrow. The arrow closely misses the adder.
You shoot an arrow.
The arrow hits the adder but does no damage.
You shoot an arrow. The arrow hits the adder!
The adder is almost dead.
The adder closely misses you.
You shoot an arrow. The arrow hits the adder.
You kill the adder!
A black bear comes into view.
The black bear growls angrily.
You shoot an arrow. The arrow hits the black bear!
The black bear is moderately wounded.
The black bear bites you.
The black bear claws you but does no damage. x2
You shoot an arrow. The arrow hits the black bear!
The black bear is severely wounded.
The black bear goes berserk!
You shoot an arrow.
The arrow hits the black bear but does no damage.
The black bear is severely wounded.
You shoot an arrow.
The arrow hits the black bear but does no damage.
The black bear is severely wounded.
The black bear misses you.
The black bear claws you but does no damage.
The black bear barely misses you.
You shoot an arrow. The arrow barely misses the black bear.
The black bear misses you. The black bear barely misses you.
The black bear misses you. The black bear completely misses you.
The black bear misses you. The black bear barely misses you.
You shoot an arrow. The arrow hits the black bear.
The black bear is almost dead.
The black bear bites you!
The black bear completely misses you. x2
You are too injured to fight recklessly!
Fire: a) +0 shortbow
Press: ? - help, Q - select action Shift-Dir - straight line, f/p - black bear
Aim: a black bear (almost dead, berserk, 72% to hit)
You shoot an arrow.
The arrow hits the black bear but does no damage.
The black bear is almost dead.
The black bear bites you!
* * * LOW HITPOINT WARNING * * *
The black bear claws you.
* * * LOW HITPOINT WARNING * * *
The black bear closely misses you. The black bear bites you.
You die...

#.....)####...###.#####
#..###.# ##.####.....#
#..# #.# #......###f#
#..# #.# ######.# #.#
#..# #.. ..##.# #f# #..
### #.##.# #.# #.##.#
#.## ##.##.#.....
###..h@...###
#.........# #.#.......#
#............
#.##.......##
........#..........
.######.##.#........
#.###########. #.#


You could see a black bear (berserk).

Vanquished Creatures
  Prince Ribbit (D:5)
  An ogre (D:5)
  A scorpion (D:4)
  2 bombardier beetles (D:4)
  2 hounds
  A jelly (D:5)
  A sleepcap (D:5)
  An orc wizard (D:4)
  2 adders
  A dart slug (D:1)
  A ribbon worm (D:2)
  17 orcs
  2 bats
  7 endoplasms
  2 giant cockroaches
  4 hobgoblins
  9 jackals
  A quokka (D:1)
  6 ball pythons
  3 frilled lizards
  2 goblins
  A kobold (D:4)
  3 rats
71 creatures vanquished.

Notes
Turn   | Place    | Note
-------+----------+-------------------------------------------
     0 | D:1      | EnegeticOcto the Spriggan Hunter began the quest for the
                  | Orb.
     0 | D:1      | Reached XP level 1. HP: 10/10 MP: 2/2
    31 | D:1      | Reached skill level 2 in Stealth
    60 | D:1      | Reached XP level 2. HP: 9/14 MP: 3/3
   102 | D:1      | Reached skill level 3 in Stealth
   165 | D:1      | Reached XP level 3. HP: 18/18 MP: 4/4
   215 | D:2      | Found a bloodstained altar of Trog.
   282 | D:2      | Found Pygetehill's Assorted Antiques.
   288 | D:2      | Bought 2 scrolls labelled LORRAI VOMPIO for 36 gold pieces
   288 | D:2      | Bought a scroll labelled LORRAI VOMPIO for 18 gold pieces
   391 | D:3      | Found a faded altar of an unknown god.
   425 | D:3      | Reached skill level 5 in Ranged Weapons
   568 | D:4      | Reached XP level 4. HP: 22/22 MP: 5/5
   630 | D:4      | Reached skill level 6 in Ranged Weapons
   630 | D:4      | Noticed a scorpion
   646 | D:4      | Killed a scorpion
   647 | D:4      | Reached XP level 5. HP: 20/25 MP: 6/6
   674 | D:4      | Reached skill level 3 in Dodging
   816 | D:4      | Reached XP level 6. HP: 8/30 MP: 7/7
   904 | D:2      | Bought 2 metallic golden potions for 32 gold pieces
   904 | D:2      | Bought a scroll labelled LUCHIA FUVOYSS for 18 gold pieces
   904 | D:2      | Bought a scroll labelled LUCHIA FUVOYSS for 18 gold pieces
  1016 | D:5      | Entered Level 5 of the Dungeon
  1016 | D:5      | Noticed Prince Ribbit
  1086 | D:5      | Found a sparkling altar of Nemelex Xobeh.
  1089 | D:5      | Found an ancient bone altar of Kikubaaqudgha.
  1192 | D:5      | Killed Prince Ribbit
  1193 | D:5      | Reached skill level 7 in Ranged Weapons
  1193 | D:5      | Reached skill level 4 in Dodging
  1193 | D:5      | Reached skill level 5 in Stealth
  1244 | D:5      | Reached XP level 7. HP: 22/33 MP: 8/8
  1298 | D:5      | Reached skill level 5 in Dodging
  1331 | D:5      | Slain by a black bear

Illustrated notes

Levels and vault maps discovered:
D:1:      minmay_arrival_diagonal_passages, layout_rooms, serial_rivers,
          chequers_serial_rivers_large_a, chequers_serial_rivers_micro_a,
          chequers_serial_rivers_small_a, chequers_serial_rivers_micro_c,
          chequers_serial_rivers_micro_b, chequers_serial_rivers_micro_b
D:2:      layout_loops_ring, basic_altar, serial_shops, shop, uniq_terence
D:3:      layout_basic, ebering_ecumenical_altar_petrified, uniq_grinder
D:4:      layout_rooms
D:5:      layout_loops_ring, chequers_temple_overflow_statue_of_worship,
          uniq_edmund, uniq_prince_ribbit1

Skill      XL: |  1  2  3  4  5  6  7 |
---------------+----------------------+-----
Stealth        | 2 3 5 |  5.0
Ranged Weapons | 5 6 7 |  7.5
Dodging        | 3 4 5 |  5.3
Fighting       | |  1.5

Action                     |  1- 3 |  4- 6 |  7- 9 || total
---------------------------+-------+-------+-------++-------
   Fire: Shortbow          |    97 |   106 |    24 ||   227
    Use: Scroll            |     2 |     6 |       ||     8
 Armour: Robe              |    10 |    17 |     8 ||    35
  Dodge: Dodged            |    32 |    27 |    13 ||    72

Table legend:
 A = Kills in this place as a percentage of kills in the entire game.
 B = Kills by you in this place as a percentage of kills by you in the entire game.
 C = Kills by friends in this place as a percentage of kills by friends in the entire game.
 D = Other kills in this place as a percentage of other kills in the entire game.
 E = Experience gained in this place as a percentage of experience gained in the entire game.
 F = Experience gained in this place divided by the number of levels of this place that you have seen.
                   A       B       C       D       E      F
               +-------+-------+-------+-------+-------+----------------------
         Total | 100.0 | 100.0 |   N/A |   N/A | 100.0 | 186.0
       Dungeon | 100.0 | 100.0 |   N/A |   N/A | 100.0 | 186.0
               +-------+-------+-------+-------+-------+----------------------

Table legend: (Time is in decaauts)
 A = Elapsed time spent in this place.
 B = Non-inter-level travel time spent in this place.
 C = Inter-level travel time spent in this place.
 D = Time resting spent in this place.
 E = Time spent auto-exploring this place.
 F = Levels seen in this place.
 G = Mean time per level.
                   A        B        C        D        E       F      G
               +--------+--------+--------+--------+--------+-----+--------+
         Total |    951 |    866 |     85 |      0 |      0 |   5 |  190.2 |
       Dungeon |    951 |    866 |     85 |      0 |      0 |   5 |  190.2 |
               +--------+--------+--------+--------+--------+-----+--------+

Top non-repeatable levels by time:
     D:4: 283 daAuts
     D:2: 207 daAuts
     D:5: 202 daAuts
     D:1: 150 daAuts
     D:3: 107 daAuts
